 Dungeon Crawl Stone Soup version 0.29-a0-322-g68df515428 (webtiles) character file.

Game seed: 14763960810961608803

28 rabbitsville the Conjurer (level 2, -1/22 HPs)
             Began as a Deep Elf Conjurer on Apr 5, 2022.
             Slain by a phantom (2 damage)
             ... on level 3 of the Dungeon.
             The game lasted 00:04:09 (1780 turns).

rabbitsville the Conjurer (Deep Elf Conjurer)       Turns: 1780, Time: 00:04:10

Health: -1/22      AC: 21    Str:  4    XL:     2   Next: 96%
Magic:  1/8        EV: -1    Int: 22    God:
Gold:   150        SH:  0    Dex: 13    Spells: 5/8 levels left

rFire   . . .      SeeInvis .   c - +2 dagger (speed)
rCold   . . .      Faith    .   (no shield)
rNeg    . . .      Spirit   .   (body armour currently unavailable)
rPois   +          Reflect  .   (helmet currently unavailable)
rElec   .          Harm     .   (cloak currently unavailable)
rCorr   .          Rampage  .   (gloves currently unavailable)
Will    .....      NoTele   +   (boots currently unavailable)
Stlth   ++........              (no amulet)
HPRegen 0.07/turn               (no ring)
MPRegen 0.11/turn               (no ring)

@: tree-form, constricted
A: stationary, stasis, torment immunity, boosted hp
a: no special abilities


You were on level 3 of the Dungeon.
You were a tree.
You visited 1 branch of the dungeon, and saw 3 of its levels.

You collected 150 gold pieces.

Inventory:

Hand Weapons
 c - a +2 dagger of speed (weapon)
Armour
 a - a +0 robe (melded)
 l - a +0 helmet (melded)
Jewellery
 m - an amulet of faith
Scrolls
 e - a scroll of teleportation {unknown}
 f - a scroll of brand weapon {unknown}
 h - 3 scrolls of identify {unknown}
 i - a scroll of vulnerability {unknown}
 k - a scroll of enchant armour {unknown}
 o - a scroll of immolation {unknown}
 p - a scroll of magic mapping {unknown}
Potions
 b - a potion of magic
 g - a potion of berserk rage {unknown}
 j - a potion of resistance {unknown}
 n - a potion of mutation {unknown}


   Skills:
 - Level 2.4 Dodging
 - Level 2.4 Stealth
 + Level 3.6 Spellcasting
 * Level 5.1 Conjurations


You had 5 spell levels left.
You knew the following spells:

 Your Spells              Type           Power      Damage    Failure   Level
a - Magic Dart            Conj           100%       1d8       1%          1
b - Searing Ray           Conj           52%        2d6       1%          2

Your spell library contained the following spells:

 Spells                   Type           Power      Damage    Failure   Level
 Dazzling Flash           Conj/Hex       30%        N/A       12%         3
 Fulminant Prism          Conj/Hex       7%         3d7       36%         4
 Iskenderun's Mystic Bla  Conj/Tloc      15%        2d5       36%         4


Dungeon Overview and Level Annotations

Branches:
Dungeon (3/15)

Altars:

Shops:
D:2 ?


Message History

Press: ? - help, Q - select action, (/) - cycle Shift-Dir - straight line, f/p - phantom
Aim: a phantom (lightly damaged, 71% to hit)
The searing ray hits the phantom.
The phantom is moderately damaged. (Press . to maintain the ray.)
The searing ray hits the phantom.
The phantom is heavily damaged.
The searing ray misses the phantom.
The phantom hits you.
The phantom blinks!
You blink.
You don't have enough magic to cast this spell.
You hit the phantom.
The phantom is severely damaged.
You barely miss the phantom.
The phantom is severely damaged.
The phantom hits you.
The phantom blinks!
You blink.
You hit the phantom.
The phantom is severely damaged.
The phantom barely misses you.
You hit the phantom.
The phantom is severely damaged.
The ball python bites you but does no damage.
The ball python grabs you. The ball python constricts you.
You barely miss the phantom.
The phantom is severely damaged.
The phantom closely misses you.
The ball python bites you but does no damage.
The ball python constricts you.
* * * LOW HITPOINT WARNING * * *
Aiming: Magic Dart (safe; 1% risk of failure)
Press: ? - help, Q - select action, (/) - cycle Shift-Dir - straight line, f/p - phantom
Aim: a phantom (severely damaged, 100% to hit)
The magic dart hits the phantom.
The phantom is almost destroyed.
The phantom barely misses you. The ball python bites you.
* * * LOW HITPOINT WARNING * * *
The ball python constricts you.
It was a potion of lignification.
You turn into a tree.
Your +0 helmet melds into your body.
Your +0 robe melds into your body.
Your roots penetrate the ground.
The phantom hits you.
You die...

#######
#...W.#
##..♣..#
#<..S..#
##.....#
#.....#
#...........#
#.###.......#
###.....$..
#.....##.
#.......


You could see a phantom and a ball python.

Vanquished Creatures
  A dart slug (D:2)
  2 ball pythons (D:1)
  5 endoplasms
  3 giant cockroaches
  2 goblins (D:1)
  A hobgoblin (D:1)
  A bat (D:1)
  A frilled lizard (D:1)
  2 kobolds
  6 rats
24 creatures vanquished.

Notes
Turn   | Place    | Note
-------+----------+-------------------------------------------
     0 | D:1      | rabbitsville the Deep Elf Conjurer began the quest for the
                  | Orb.
     0 | D:1      | Reached XP level 1. HP: 10/10 MP: 6/6
   157 | D:1      | Found a faded altar of an unknown god.
   254 | D:1      | Reached XP level 2. HP: 15/15 MP: 5/8
   755 | D:1      | Reached skill level 5 in Conjurations
   947 | D:1      | Learned a level 2 spell: Searing Ray
  1155 | D:2      | Found Yrphoeh's Magic Scroll Shop.
  1767 | D:3      | Noticed a phantom
  1780 | D:3      | Slain by a phantom

Illustrated notes

Levels and vault maps discovered:
D:1:      elethiomel_arrival_shortcut, layout_loops_ring,
          hellmonk_ecumenical_altar_slurped_away, nrook_mini_vaults
D:2:      layout_basic, serial_shops, nicolae_shop_hallway_plus
D:3:      layout_basic, riverfiend_overflow_shadow_ancestor, serial_shops,
          nicolae_shop_advertising_works [nicolae_subvault_shop_adworks]

Skill      XL: |  1  2 |
---------------+-------+-----
Conjurations   | 5 |  5.1
Dodging        | |  2.4
Stealth        | |  2.4
Spellcasting   | |  3.6

Action                   || total
-------------------------++-------
Melee: Dagger            ||     5
 Cast: Magic Dart        ||    45
       Searing Ray       ||     1
  Use: Potion            ||     1
Armor: Robe              ||     2
Dodge: Dodged            ||     5

Table legend: (Time is in decaauts)
 A = Elapsed time spent in this place.
 B = Non-inter-level travel time spent in this place.
 C = Inter-level travel time spent in this place.
 D = Time resting spent in this place.
 E = Time spent auto-exploring this place.
 F = Levels seen in this place.
 G = Mean time per level.
                   A        B        C        D        E       F      G
               +--------+--------+--------+--------+--------+-----+--------+
         Total |   1780 |   1602 |    178 |      0 |   1368 |   3 |  593.3 |
       Dungeon |   1780 |   1602 |    178 |      0 |   1368 |   3 |  593.3 |
               +--------+--------+--------+--------+--------+-----+--------+

Top non-repeatable levels by time:
     D:1: 1081 daAuts
     D:2: 684 daAuts
     D:3: 14 daAuts
